 Dungeon Crawl Stone Soup version 0.29.1-1-gd02db6906a (webtiles) character file.

Game seed: 16184992434250163595

111 experimilk the Grave Robber (level 4, -1/33 HPs)
             Began as a Ghoul Necromancer on Oct 7, 2022.
             Was an Initiate of Ashenzari.
             Slain by a shadow imp (2 damage)
             ... on level 2 of the Dungeon.
             The game lasted 00:09:06 (3569 turns).

experimilk the Grave Robber (Ghoul Necromancer)     Turns: 3569, Time: 00:09:06

Health: -1/33      AC:  3    Str: 11    XL:     4   Next: 92%
Magic:  5/5        EV: 12    Int: 12    God:    Ashenzari [......]
Gold:   102        SH:  0    Dex:  9    Spells: 2/6 levels left

rFire   . . .      SeeInvis .   f - +0 dagger
rCold   + . .      Faith    .   (no shield)
rNeg    + + +      Spirit   .   a - +0 robe
rPois   ∞          Reflect  .   (no helmet)
rElec   .          Harm     .   l - +0 cloak
rCorr   .          Rampage  .   (no gloves)
Will    .....                   (no boots)
Stlth   ++........              (no amulet)
HPRegen 0.00/turn               (no ring)
MPRegen 0.09/turn               (no ring)

@: inhibited regen
A: claws 1, cold resistance 1, negative energy resistance 3, inhibited
regeneration, torment resistance 2, devour on kill
a: Renounce Religion


You were on level 2 of the Dungeon.
You worshipped Ashenzari.
Ashenzari was noncommittal.
You visited 1 branch of the dungeon, and saw 3 of its levels.

You collected 102 gold pieces.

Inventory:

Hand Weapons
 f - a +0 dagger (weapon)
Armour
 a - a +0 robe (worn)
 l - a +0 cloak (worn)
Magical Staves
 m - a staff of conjuration
Scrolls
 g - a scroll of noise {unknown}
 h - a scroll of fog {unknown}
 j - 3 scrolls of identify {unknown}
 k - 2 scrolls of teleportation {unknown}
Potions
 c - 3 potions of attraction {unknown}
 d - a potion of berserk rage {unknown}
 e - a potion of brilliance {unknown}
 i - 2 potions of flight {unknown}


   Skills:
 - Level 1.7 Dodging
 - Level 2.1 Stealth
 - Level 1.7 Spellcasting
 * Level 6.1 Necromancy


You had 2 spell levels left.
You knew the following spells:

 Your Spells              Type           Power      Damage    Failure   Level
a - Vampiric Draining     Necr           15%        2d7       7%          3
b - Necrotise             Necr           60%        1d7       2%          1

Your spell library contained the following spells:

 Spells                   Type           Power      Damage    Failure   Level
 Sandblast                Erth           2%         2d4       28%         1
 Passwall                 Tmut/Erth      0%         N/A       38%         2
 Animate Dead             Necr           15%        N/A       22%         4
 Agony                    Necr           15%        N/A       54%         5
 Portal Projectile        Hex/Tloc       2%         N/A       63%         3
 Stone Arrow              Conj/Erth      2%         3d7       63%         3
 Tukima's Dance           Hex            1%         N/A       63%         3
 Blade Hands              Tmut           Unusable   N/A       N/A         5

Dungeon Overview and Level Annotations

Branches:
Dungeon (3/15)

Altars:
Ashenzari


Innate Abilities, Weirdness & Mutations

You are immune to poison.
You have sharp fingernails.
Your flesh is cold resistant. (rC+)
You are immune to negative energy. (rN+++)
You do not regenerate when monsters are visible.
You are immune to unholy pain and torment.
You thrive by killing the living.


Message History

The shadow imp is moderately wounded.
The shadow imp hits you.
You hit the shadow imp but do no damage.
The shadow imp is moderately wounded.
The shadow imp barely misses you.
You hit the shadow imp but do no damage.
The shadow imp is moderately wounded.
The shadow imp barely misses you.
You hit the shadow imp but do no damage.
The shadow imp is moderately wounded.
The shadow imp hits you but does no damage.
You barely miss the shadow imp.
The shadow imp is moderately wounded.
The shadow imp hits you.
* * * LOW HITPOINT WARNING * * *
You hit the shadow imp but do no damage.
The shadow imp is moderately wounded.
The shadow imp hits you.
* * * LOW HITPOINT WARNING * * *
You hit the shadow imp.
The shadow imp is moderately wounded.
The shadow imp hits you.
* * * LOW HITPOINT WARNING * * *
You hit the shadow imp but do no damage.
The shadow imp is moderately wounded.
The shadow imp hits you but does no damage.
Magic courses through your body. The shadow imp barely misses you.
Casting: Necrotise (safe; 2% risk of failure)
Confirm with . or Enter, or press ? or * to list all spells.
You can't see any susceptible monsters within range! (Use Z to cast anyway.) Unknown command.
You hit the shadow imp.
The shadow imp is heavily wounded.
The shadow imp spits at you. The shadow imp hits you.
* * * LOW HITPOINT WARNING * * *
You barely miss the shadow imp.
The shadow imp is heavily wounded.
The shadow imp hits you.
You die...

.........#####.###..............#
.........#####.# #..###.#.###.###
............##.# #..<...#.......#
...########.##.####..########.#.#
...# ##..##................#.#
...# #.....#####..#####....#.#
...# #.......##...# ##..>..#.#
#### #.._..#....#.# #...####.#
#.....#.@###.# #........#
#......†.5.#.# #...######
####...#...#.# #...# #####...#.#
#...######
######...#.###.........
#......).............##
#...........###.###..#
#.............#.#....#
#...........###.#.#.##


You could see a shadow imp.

Vanquished Creatures
  5 adders (D:2)
  A dart slug (D:2)
  4 ball pythons (D:1)
  4 bats
  3 endoplasms
  11 goblins
  7 hobgoblins
  2 jackals (D:1)
  3 quokkas
  2 frilled lizards (D:2)
  2 kobolds
  2 rats (D:2)
46 creatures vanquished.

Vanquished Creatures (collateral kills)
  A dart slug (D:1)
  2 endoplasms (D:2)
  A giant cockroach (D:1)
  3 goblins
  A kobold (D:1)
  A frilled lizard (D:2)
  A rat (D:1)
10 creatures vanquished.

Grand Total: 56 creatures vanquished

Notes
Turn   | Place    | Note
-------+----------+-------------------------------------------
     0 | D:1      | experimilk the Ghoul Necromancer began the quest for the
                  | Orb.
     0 | D:1      | Reached XP level 1. HP: 14/14 MP: 2/2
   625 | D:1      | Reached XP level 2. HP: 18/20 MP: 0/3
  1189 | D:1      | Reached XP level 3. HP: 26/26 MP: 0/4
  1399 | D:1      | Reached skill level 5 in Necromancy
  1702 | D:2      | Found a broken altar of Ashenzari.
  1708 | D:2      | Became a worshipper of Ashenzari the Shackled
  1812 | D:2      | Reached XP level 4. HP: 9/33 MP: 0/5
  2234 | D:2      | Learned a level 3 spell: Vampiric Draining
  2804 | D:2      | Found a faded altar of an unknown god.
  3176 | D:2      | Reached skill level 6 in Necromancy
  3568 | D:2      | HP: 1/33 [shadow imp (1)]
  3569 | D:2      | Slain by a shadow imp

Illustrated notes

Levels and vault maps discovered:
D:1:      grunt_arrival_crossed_arrows, layout_rooms, minmay_door_square
D:2:      cheibrodos_greedy_goblins, layout_basic,
          shapermc_ecumenical_altar_acropolis, basic_altar,
          minmay_misc_feat_roman
D:3:      layout_rooms, trog_wizard, minmay_misc_feat_encased,
          minmay_misc_feat_tower, minmay_shallow_snake_nest

Skill      XL: |  1  2  3  4 |
---------------+-------------+-----
Necromancy     | 5 6 |  6.1
Dodging        | |  1.7
Stealth        | |  2.1
Spellcasting   | |  1.7

Action                   |  1- 3 |  4- 6 || total
-------------------------+-------+-------++-------
Melee: Unarmed           |    14 |       ||    14
       Dagger            |    59 |    85 ||   144
       Punch             |       |     1 ||     1
 Cast: Necrotise         |    49 |    29 ||    78
       Vampiric Draining |       |     2 ||     2
  Use: Potion            |       |     1 ||     1
Armor: Robe              |    15 |    41 ||    56
Dodge: Dodged            |    82 |    67 ||   149
